 Dungeon Crawl Stone Soup version 0.28.0 (webtiles) character file.

Game seed: 11195882410981390193

9338 DildoBatman the Artisan of Death (level 11, -1/66 (79) HPs)
             Began as a Formicid Conjurer on Feb 4, 2022.
             Was a Priest of Kikubaaqudgha.
             Slain by a bone dragon (9 damage)
             ... on level 1 of the Abyss.
             The game lasted 00:44:02 (10053 turns).

DildoBatman the Artisan of Death (FoCj)            Turns: 10053, Time: 00:44:03

HP:   -1/66 (79)    AC: 12    Str: 12    XL:     11   Next: 72%
MP:   23/23         EV: 12    Int: 29    God:    Kikubaaqudgha [***...]
Gold: 621           SH:  0    Dex: 13    Spells: 10/26 levels left

rFire   . . .      SeeInvis +   a - +7 mace of Descent {vamp, rElec Int+5 Stlth-}
rCold   . . .      Faith    .   (no shield)
rNeg    . . .      Spirit   .   o - +0 troll leather armour
rPois   .          Reflect  .   (helmet unavailable)
rElec   +          Harm     .   E - +0 cloak
rCorr   .          Rampage  .   U - +0 pair of gloves
Will    +....                   j - +0 pair of boots
Stlth   ..........              r - amulet of regeneration
HPRegen 1.81/turn               N - +6 ring of intelligence
MPRegen 0.18/turn               H - +4 ring of protection

@: confused, heavily drained
A: permanent stasis, dig shafts and tunnels, antennae 3, four strong arms
a: Dig, Shaft Self, Renounce Religion, Receive Corpses


You were on level 1 of the Abyss.
You worshipped Kikubaaqudgha.
Kikubaaqudgha was most pleased with you.
You visited 2 branches of the dungeon, and saw 12 of its levels.
You visited the Abyss 1 time.

You collected 665 gold pieces.
You spent 44 gold pieces at shops.

Inventory:

Hand Weapons
 a - the +7 mace of Descent (weapon) {vamp, rElec Int+5 Stlth-}
   (You found it on level 5 of the Dungeon)

   It occasionally heals its wielder for a portion of the damage dealt when it
   wounds a living foe.
   Int:       It affects your intelligence (+5).
   rElec:     It insulates you from electricity.
   Stlth:     It makes you less stealthy.
 b - the +7 hand axe "Poibor" {vorpal, Str+2 Dex+3 SInv}
   (You found it on level 7 of the Dungeon)

   It inflicts extra damage upon your enemies.
   Str:       It affects your strength (+2).
   Dex:       It affects your dexterity (+3).
   SInv:      It lets you see invisible.
 d - a +2 scimitar of electrocution
 e - a +4 halberd
 R - the +1 flail of Duifaquw {flame, rElec rN+ Int-4 Dex+3}
   (You found it on level 7 of the Dungeon)

   It burns those it strikes, dealing additional fire damage.
   Int:       It affects your intelligence (-4).
   Dex:       It affects your dexterity (+3).
   rElec:     It insulates you from electricity.
   rN:        It protects you from negative energy.
 S - a +2 scimitar of flaming
Missiles
 g - 10 javelins
 h - 186 arrows
 q - 2 boomerangs
 s - 17 boomerangs of dispersal
 x - 407 stones
 B - 3 atropa-tipped darts
 D - 40 sling bullets
 W - 95 bolts
Armour
 j - a +0 pair of boots (worn)
 o - a +0 troll leather armour (worn)
 E - a +0 cloak (worn)
 P - a +0 robe of willpower
 Q - a +2 robe of resistance
 U - a +0 pair of gloves (worn)
Magical Staves
 l - a staff of fire
 w - a staff of poison
Jewellery
 r - an amulet of regeneration (around neck)
 H - a +4 ring of protection (right hand)
 N - a +6 ring of intelligence (left hand)
 V - a ring of poison resistance
Wands
 K - a wand of digging (8)
 L - a wand of flame (21)
Scrolls
 i - 4 scrolls of enchant armour {unknown}
 n - 2 scrolls of immolation
 p - a scroll of amnesia {unknown}
 v - a scroll of blinking {unknown}
 y - 2 scrolls of torment
 z - 3 scrolls of identify
 A - 2 scrolls of enchant weapon
 C - 2 scrolls of summoning {unknown}
 M - a scroll of vulnerability {unknown}
 O - a scroll of magic mapping {unknown}
Potions
 c - a potion of cancellation {unknown}
 f - 5 potions of attraction {unknown}
 k - 2 potions of might {unknown}
 m - 5 potions of curing
 F - a potion of berserk rage {unknown}
 G - 2 potions of flight {unknown}
 I - 2 potions of heal wounds {unknown}
 J - a potion of invisibility {unknown}


   Skills:
 - Level 5.0 Fighting
 - Level 3.1 Long Blades
 - Level 2.0 Maces & Flails
 - Level 5.0 Armour
 - Level 3.0 Dodging
 * Level 2.4 Stealth
 - Level 8.0 Spellcasting
 - Level 6.0 Conjurations
 - Level 10.9 Necromancy
 - Level 6.0 Ice Magic


You had 10 spell levels left.
You knew the following spells:

 Your Spells              Type           Power      Damage    Failure   Level
a - Searing Ray           Conj           92%        2d7       1%          2
b - Frozen Ramparts       Ice            92%        1d11      1%          3
c - Magic Dart            Conj           100%       1d8       1%          1
d - Vampiric Draining     Necr           66%        2d10      1%          3
f - Shock                 Conj/Air       100%       1d9       1%          1
h - Dispel Undead         Necr           66%        3d23      1%          4
z - Sublimation of Blood  Necr           66%        N/A       1%          2

Your spell library contained the following spells:

 Spells                   Type           Power      Damage    Failure   Level
 Animate Skeleton         Necr           100%       N/A       1%          1
 Freeze                   Ice            100%       1d11      1%          1
 Pain                     Necr           100%       1d9       1%          1
 Animate Dead             Necr           33%        N/A       1%          4
 Excruciating Wounds      Necr           33%        N/A       1%          5
 Conjure Flame            Conj/Fire      29%        6-21      4%          3
 Dazzling Flash           Conj/Hex       58%        N/A       4%          3
 Hailstorm                Conj/Ice       46%        3d11      4%          4
 Death Channel            Necr           33%        N/A       10%         6
 Ignite Poison            Fire/Tmut/Pois 11%        N/A       17%         3
 Portal Projectile        Hex/Tloc       22%        N/A       17%         3
 Fulminant Prism          Conj/Hex       14%        3d9       17%         4
 Iskenderun's Mystic Bla  Conj/Tloc      29%        2d7       17%         4
 Sticky Flame             Conj/Fire      29%        2d5       17%         4
 Simulacrum               Ice/Necr       28%        N/A       28%         6
 Airstrike                Air            5%         N/A       50%         4
 Blade Hands              Tmut           5%         N/A       85%         5
 Chain Lightning          Conj/Air       14%        3d19      100%        9
 Fire Storm               Conj/Fire      14%        8d4       100%        9
 Shatter                  Erth           5%         3d8*      100%        9
 Swiftness                Air            Unusable   N/A       N/A         3

Dungeon Overview and Level Annotations

Branches:
Dungeon (11/15)            Temple (1/1) D:5            Lair (0/6) D:10
    Orc (0/2) D:9

Altars:
Ashenzari
Cheibriados
Dithmenos
Elyvilon
Fedhas
Gozag
Hepliaklqana
Kikubaaqudgha
Makhleb
Nemelex Xobeh
Okawaru
Qazlal
Ru
Sif Muna
Trog
Uskayaw
Vehumet
Wu Jian
Xom
Yredelemnul
Zin
The Shining One

Shops:
D:1 *   D:3 [   D:6 (   D:8 (:!:

Annotations:
D:8 exclusion: acid dragon
D:9 exclusions: obsidian statue and 2 more exclusions
D:11 Erolcha


Innate Abilities, Weirdness & Mutations

You cannot be hasted, slowed, berserked, paralysed or teleported.
You can dig through walls and to a lower floor.
You have a pair of large antennae on your head. (SInv)
Your four strong arms can wield two-handed weapons with a shield.


Message History

The bone dragon bites you!
The bone dragon claws you but does no damage.
The bone dragon tramples you!
You hold your ground!
A starspawn tentacle comes into view.
A starspawn tentacle comes into view.
The golden eye blinks!
The bone dragon bites you but does no damage.
The bone dragon claws you!
The bone dragon tramples you but does no damage.
The golden eye blinks at you. You resist with some effort.
You bump into the metal wall.
The golden eye blinks at you.
You are more confused.
The golden eye blinks at you.
You are more confused.
The bone dragon bites you!! The bone dragon claws you.
The bone dragon tramples you!
You hold your ground!
The golden eye turns its gaze towards you.
The golden eye blinks at you.
You are more confused.
The golden eye blinks at you.
You are more confused.
The golden eye blinks at you.
You are more confused.
The golden eye blinks at you. You resist with almost no effort.
The golden eye blinks! x2
You bump into the metal wall.
The golden eye turns its gaze towards you. x3
The golden eye blinks at you.
You are more confused.
The golden eye blinks at you. You resist with some effort.
The bone dragon bites you!
You die...
Kikubaaqudgha rasps: "You have failed me!
Welcome... death!"

.###...
...#.....#...
............ ....
.......... .....
.....G.G. ......
#..... ....# .
##..G###...##
....#.GG..#..... .
.......@D.........
#..##..##..##..##
..##.. #..# #
#...X##.#### #
###....#..#._###
##..#......# #
#..#...####. ##
#.. ... .. ## .##
### ###.....### .
#


You could see a bone dragon, a tentacled starspawn and 5 golden eyes.

Vanquished Creatures
  A two-headed ogre (D:10)
  Pikel (D:3)
  Maggie (D:8)
  2 komodo dragons (D:10)
  2 trolls (D:11)
  Prince Ribbit (D:7)
  A hornet (D:7)
  Sigmund (D:3)
  2 shadows
  A vampire (D:11)
  A wraith (D:9)
  Grum (D:8)
  A steam dragon (D:9)
  2 vampire mosquitoes (D:10)
  Duvessa (D:6)
  A water moccasin (D:5)
  2 ice beasts
  A sky beast (D:6)
  3 black bears
  3 wolves (D:8)
  4 orc warriors
  2 necrophages
  2 ogres
  3 centaurs
  4 lemures (D:4)
  Blork the orc (D:6)
  A kobold brigand (D:6)
  3 bullfrogs
  2 scorpions (D:6)
  Dowan (D:6)
  5 killer bees (D:7)
  25 wights
  3 vampire bats (D:3)
  A water moccasin skeleton (D:5)
  An electric eel (D:10)
  A howler monkey (D:11)
  2 hounds
  5 centaur zombies
  3 jellies
  4 orc priests
  3 iguanas
  7 orc wizards
  A small abomination (Abyss:1)
  2 howler monkey zombies (D:9)
  8 adders
  A white imp (D:8)
  An ufetubus (D:6)
  A dart slug (D:4)
  28 orcs
  4 ball pythons
  7 bats
  4 endoplasms
  3 giant cockroaches
  7 goblins
  5 hobgoblins
  4 jackals (D:3)
  2 quokkas
  2 frilled lizards (D:3)
  14 kobolds
  8 rats
214 creatures vanquished.

Vanquished Creatures (others)
  40 plants
  12 starspawn tentacles (Abyss:1)
52 creatures vanquished.

Grand Total: 266 creatures vanquished

Notes
Turn   | Place    | Note
-------+----------+-------------------------------------------
     0 | D:1      | DildoBatman the Formicid Conjurer began the quest for the
                  | Orb.
     0 | D:1      | Reached XP level 1. HP: 13/13 MP: 3/3
   208 | D:1      | Found Ceamuruv's Assorted Antiques.
   304 | D:1      | Reached XP level 2. HP: 14/19 MP: 1/5
   307 | D:1      | Learned a level 2 spell: Searing Ray
   836 | D:2      | Reached XP level 3. HP: 24/24 MP: 4/6
  1303 | D:3      | Noticed Sigmund
  1385 | D:3      | Reached skill level 5 in Conjurations
  1385 | D:3      | Reached XP level 4. HP: 30/30 MP: 1/7
  1461 | D:3      | Reached XP level 5. HP: 35/35 MP: 3/8
  1606 | D:3      | Found Mihuxal's Antique Armour Boutique.
  1641 | D:3      | Learned a level 3 spell: Frozen Ramparts
  1718 | D:3      | Reached XP level 6. HP: 41/42 MP: 3/9
  1725 | D:3      | Learned a level 1 spell: Shock
  2059 | D:4      | Reached skill level 1 in Fighting
  2059 | D:4      | Reached skill level 1 in Armour
  2224 | D:4      | Noticed a necrophage
  2248 | D:4      | Killed a necrophage
  2344 | D:4      | Reached XP level 7. HP: 36/50 MP: 4/12
  2473 | D:4      | Found a shadowy altar of Dithmenos.
  2567 | D:4      | Reached skill level 1 in Long Blades
  2567 | D:4      | Reached skill level 5 in Spellcasting
  2944 | D:4      | Noticed Pikel
  3191 | D:4      | Reached XP level 8. HP: 55/56 MP: 16/16
  3554 | D:5      | Entered Level 5 of the Dungeon
  3750 | D:5      | Identified the +7 mace of Descent {vamp, rElec Int+5
                  | Stlth-}
  3809 | D:5      | Found an ornate altar of the Wu Jian Council.
  3918 | D:5      | Reached skill level 1 in Maces & Flails
  3918 | D:5      | Reached skill level 1 in Ice Magic
  4124 | D:5      | Found a staircase to the Ecumenical Temple.
  4132 | Temple   | Entered the Ecumenical Temple
  4189 | Temple   | Became a worshipper of Kikubaaqudgha
  4347 | D:3      | Killed Pikel
  4348 | D:3      | Reached XP level 9. HP: 37/61 MP: 8/19
  4449 | D:3      | Killed Sigmund
  4702 | D:5      | Found an iron altar of Okawaru.
  4785 | D:6      | Reached skill level 5 in Ice Magic
  4804 | D:6      | Reached * piety under Kikubaaqudgha
  4804 | D:6      | Received a gift from Kikubaaqudgha
  4808 | D:6      | Learned a level 2 spell: Sublimation of Blood
  4812 | D:6      | Learned a level 3 spell: Vampiric Draining
  4841 | D:6      | Noticed Blork the orc
  4850 | D:6      | Killed Blork the orc
  5232 | D:6      | Noticed Duvessa
  5521 | D:6      | Found a glowing golden altar of the Shining One.
  5573 | D:6      | Found Fireg's Weapon Emporium.
  5601 | D:6      | Killed Duvessa
  5603 | D:6      | Noticed Dowan
  5618 | D:6      | Killed Dowan
  5647 | D:6      | Reached XP level 10. HP: 34/72 MP: 3/20
  5740 | D:7      | Found a shimmering blue altar of Sif Muna.
  5756 | D:7      | Identified the +7 hand axe "Poibor" {vorpal, Str+2 Dex+3
                  | SInv}
  5954 | D:7      | Reached skill level 5 in Fighting
  5954 | D:7      | Reached skill level 5 in Armour
  5954 | D:7      | Reached skill level 2 in Necromancy
  5995 | D:7      | Noticed Prince Ribbit
  6002 | D:7      | Killed Prince Ribbit
  6003 | D:7      | Reached skill level 4 in Necromancy
  6016 | D:7      | Reached ** piety under Kikubaaqudgha
  6033 | D:7      | Reached skill level 5 in Necromancy
  6298 | D:7      | Found a white marble altar of Elyvilon.
  6606 | D:7      | Identified the +1 flail of Duifaquw {flame, rElec rN+ Int-4
                  | Dex+3}
  6651 | D:8      | Noticed Maggie
  6666 | D:8      | Killed Maggie
  6667 | D:8      | Reached skill level 6 in Necromancy
  6834 | D:8      | Found Irghoqiots's CLEARANCE SALE!.
  6851 | D:8      | Noticed Grum
  6865 | D:8      | Reached skill level 7 in Necromancy
  6868 | D:8      | Killed Grum
  6946 | D:8      | Found a radiant altar of Vehumet.
  6981 | D:8      | Found Damm's Antique Weapon Shop.
  6981 | D:8      | Found Honguuq's Distillery.
  6992 | D:8      | Found Xecujuph's Book Shop.
  6992 | D:8      | Found Ommaxol's Book Shop.
  7003 | D:8      | Bought a potion of degeneration for 11 gold pieces
  7003 | D:8      | Bought a potion of curing for 33 gold pieces
  7115 | D:8      | Reached skill level 8 in Necromancy
  7115 | D:8      | Reached XP level 11. HP: 79/79 MP: 7/21
  7125 | D:8      | Found a stormy altar of Qazlal.
  7166 | D:8      | Found a sacrificial altar of Ru.
  7442 | D:9      | Reached *** piety under Kikubaaqudgha
  7442 | D:9      | Received a gift from Kikubaaqudgha
  7448 | D:9      | Learned a level 4 spell: Dispel Undead
  7588 | D:9      | Found a staircase to the Orcish Mines.
  7595 | D:9      | Found a bloodstained altar of Trog.
  7818 | D:9      | Found a glowing silver altar of Zin.
  7945 | D:9      | Reached skill level 9 in Necromancy
  8063 | D:9      | Noticed an obsidian statue
  8135 | D:9      | Found an opulent altar of Gozag.
  8218 | D:10     | Entered Level 10 of the Dungeon
  8308 | D:10     | Noticed a two-headed ogre
  8338 | D:10     | Killed a two-headed ogre
  8528 | D:10     | Found a staircase to the Lair.
  8778 | D:10     | Reached skill level 10 in Necromancy
  9917 | D:11     | Noticed Erolcha
  9921 | D:11     | Cast into level 1 of the Abyss (Erolcha)
  9986 | Abyss:1  | Noticed a tentacled starspawn
 10030 | Abyss:1  | Noticed a bone dragon
 10039 | Abyss:1  | Found a corrupted altar of Lugonu.
 10053 | Abyss:1  | Slain by a bone dragon

Illustrated notes

Levels and vault maps discovered:
D:1:      elethiomel_arrival_shortcut, layout_basic, serial_shops,
          nicolae_shop_statue_plus
D:2:      layout_rooms, lightli_corner_chamber
D:3:      layout_basic, serial_shops, shop, roderic_batcave, uniq_sigmund
D:4:      layout_loops_corners, nicolae_dithmenos_the_darkroom,
          kennysheep_generic_room_9, uniq_pikel
D:5:      layout_loops_ring, nicolae_wu_jian_wuxing_cycle,
          mainiacjoe_overflow_alcove_1, minmay_temple_entry_purple_smoke
D:6:      layout_loops_cross, mainiacjoe_overflow_tiny_flanked, serial_shops,
          kennysheep_mini, minmay_misc_feat_room, minmay_unpleasant_kobolds,
          uniq_duvessa, uniq_blork_the_orc
D:7:      layout_basic, mainiacjoe_overflow_paths, overflow_temple_1_default,
          st_stairs_1, uniq_prince_ribbit1
D:8:      layout_loops_ring, nicolae_ru_awakened_eye, lemuel_tele_altar,
          nicolae_overflow_crystal_walls, minmay_shop_grid_forest,
          small_chamber_with_monster, nicolae_shop_clearance, uniq_maggie,
          uniq_grum
D:9:      layout_roguey, pdpol_temple_overflow_zin_treasury_gozag_greed,
          bloody_trog, orc_0_dummy, minmay_protected_statue
D:10:     layout_stronghold, david_lair_shrubbed, hex_medium,
          serial_bayou_ford_a
D:11:     layout_basic, uniq_erolcha
Temple:   cyrus_temple_forest
Abyss:1:  base:
D:6

Skill      XL: |  1  2  3  4  5  6  7  8  9 10 11 |
---------------+----------------------------------+-----
Conjurations   | 4 5 6 |  6.0
Fighting       | 2 4 5 |  5.0
Armour         | 2 4 5 |  5.0
Spellcasting   | 3 5 7 8 |  8.0
Long Blades    | 2 3 |  3.1
Maces & Flails | 2 |  2.0
Ice Magic      | 3 6 |  6.0
Dodging        | 3 |  3.0
Necromancy     | 8 10 | 10.9
Stealth        | |  2.4

Action                   |  1- 3 |  4- 6 |  7- 9 | 10-12 || total
-------------------------+-------+-------+-------+-------++-------
Melee: Club              |     9 |       |       |       ||     9
       Dagger            |     6 |       |       |       ||     6
       Short sword       |       |    33 |       |       ||    33
       Scimitar          |       |       |    32 |     4 ||    36
       Mace              |       |       |    34 |   123 ||   157
       Staff             |       |       |       |     3 ||     3
       Punch             |       |       |       |     1 ||     1
 Cast: Magic Dart        |    54 |     7 |    17 |    12 ||    90
       Searing Ray       |     1 |    12 |    47 |    45 ||   105
       Frozen Ramparts   |       |       |    10 |    30 ||    40
       Dispel Undead     |       |       |       |     6 ||     6
       Vampiric Draining |       |       |       |     4 ||     4
       Sublimation of Bl |       |       |       |     3 ||     3
 Abil: Dig               |       |       |     1 |     8 ||     9
Evoke: Wand              |       |       |     4 |     5 ||     9
  Use: Scroll            |       |     3 |       |     2 ||     5
       Potion            |       |       |       |     2 ||     2
 Stab: Sleeping          |       |     1 |     2 |       ||     3
       Paralysed         |       |       |     3 |     5 ||     8
Armor: Robe              |     2 |       |       |    91 ||    93
       Leather armour    |     8 |    24 |    24 |       ||    56
       Troll leather arm |       |       |       |    27 ||    27
Dodge: Dodged            |    12 |    37 |    61 |   156 ||   266
